PAA
CHESAPEAKE CONTINENTALS @ SALEM MISFITS
05/05/2029
 
TOP OF THE 1ST
Chesapeake Continentals batting - Pitching for Salem Misfits : LHP León Vallejo
Pitching: LHP León Vallejo
Batting: RHB Alberto Esquivel 0-0: Ball
1-0: Foul Ball, location: 2F
1-1: Swinging Strike
1-2: Ball
2-2: SINGLE (Groundball, 6MD)
Batting: RHB Marcos Alfaro 0-0: SINGLE (Line Drive, 78S)
Alberto Esquivel to second
Runner from 2nd tries for 3rd, SAFE, no throw
Batting: RHB Juan Chávez 0-0: Ball
1-0: Called Strike
Marcos Alfaro steals 2nd base
1-1: Swinging Strike
1-2: Ball
2-2: Ball
3-2: Ground out 4-3 (Groundball, 4M)
Alberto Esquivel scores
Marcos Alfaro to third
Batting: RHB Zahid Kashani 0-0: Ball
1-0: Foul Ball, location: 2F
1-1: Called Strike
1-2: Ball
2-2: Ball
3-2: Base on Balls
Batting: LHB Dana Waldrip 0-0: Called Strike
0-1: Ball
1-1: Ball
2-1: Ball
3-1: Reached on error, E3 (Groundball, 3)
Marcos Alfaro scores
Zahid Kashani to second
Batting: RHB Jouo Hirschovits 0-0: Ball
1-0: Ball
2-0: Ball
3-0: Called Strike
3-1: Foul Ball, location: 2F
3-2: Fielders Choice at 2nd, 3-6 (Groundball, 34)
Zahid Kashani to third
Batting: RHB Dave Yates 0-0: Ball
1-0: Ball
2-0: Foul Ball, location: 2F
2-1: Ball
3-1: Base on Balls
Jouo Hirschovits to second
Batting: LHB Ángel Pineda 0-0: Called Strike
0-1: Foul Ball, location: 2F
0-2: SINGLE (Groundball, 4D)
Zahid Kashani scores
Jouo Hirschovits to third
Dave Yates to second
Runner from 3rd tries for Home, SAFE, no throw
Batting: RHB Tommy Socorro 0-0: Called Strike
0-1: Called Strike
0-2: Foul Ball, location: 2F
0-2: Ball
1-2: Ball
2-2: DOUBLE (Flyball, 89D)
Dave Yates scores
Ángel Pineda to third
Batting: RHB Alberto Esquivel 0-0: Fly out, F8 (Flyball, 8LD)
Top of the 1st over - 5 runs, 4 hits, 1 error, 2 left on base; Chesapeake 5 - Salem 0
BOTTOM OF THE 1ST
Salem Misfits batting - Pitching for Chesapeake Continentals : RHP Fabian Thul
Pitching: RHP Fabian Thul
Batting: LHB José Cuervo 0-0: Ground out 3-1 (Groundball, 34)
Batting: RHB Robinson Barquero 0-0: Ball
1-0: Fly out, F8 (Flyball, 89D)
Batting: LHB Austin Hathaway 0-0: Ball
1-0: Ball
2-0: Foul Ball, location: 2F
2-1: Ball
3-1: Fly out, F9 (Flyball, 9LS)
Bottom of the 1st over - 0 runs, 0 hits, 0 errors, 0 left on base; Chesapeake 5 - Salem 0
TOP OF THE 2ND
Chesapeake Continentals batting - Pitching for Salem Misfits : LHP León Vallejo
Batting: RHB Marcos Alfaro 0-0: Ground out 5-3 (Groundball, 56S)
Batting: RHB Juan Chávez 0-0: Called Strike
0-1: Called Strike
0-2: Fly out, F7 (Line Drive, 7D)
Batting: RHB Zahid Kashani 0-0: Ball
1-0: Called Strike
1-1: Fly out, F8 (Flyball, 89XD)
Top of the 2nd over - 0 runs, 0 hits, 0 errors, 0 left on base; Chesapeake 5 - Salem 0
BOTTOM OF THE 2ND
Salem Misfits batting - Pitching for Chesapeake Continentals : RHP Fabian Thul
Batting: LHB Cris Gonzáles 0-0: Foul Ball, location: 2F
0-1: Ball
1-1: Ball
2-1: Foul Ball, location: 2F
2-2: Strikes out looking
Batting: LHB Rodrigo Gómez 0-0: Ball
1-0: Swinging Strike
1-1: Ball
2-1: Fly out, F8 (Flyball, 8LM)
Batting: RHB Vicente Andros 0-0: Ball
1-0: SINGLE (Groundball, 6MD)
Batting: RHB Jason Ward 0-0: Ball
1-0: Ball
2-0: DOUBLE (Line Drive, 8RD)
Vicente Andros to third
Runner from 3rd tries for Home, SAFE, no throw
Batting: LHB Tyler Knopp 0-0: SINGLE (Line Drive, 7S)
Jason Ward to third
Runner from 3rd tries for Home, SAFE, no throw
Batting: RHB Paul O'Neill 0-0: Swinging Strike
0-1: Swinging Strike
0-2: Strikes out swinging
Bottom of the 2nd over - 2 runs, 3 hits, 0 errors, 1 left on base; Chesapeake 5 - Salem 2
TOP OF THE 3RD
Chesapeake Continentals batting - Pitching for Salem Misfits : LHP León Vallejo
Batting: LHB Dana Waldrip 0-0: Ball
1-0: Ball
2-0: Ball
3-0: Base on Balls
Batting: RHB Jouo Hirschovits 0-0: Ball
1-0: Ball
2-0: Swinging Strike
2-1: Called Strike
2-2: Strikes out swinging
Batting: RHB Dave Yates 0-0: Foul Ball, location: 2F
0-1: Ball
1-1: Foul Ball, location: 2F
1-2: Ball
Dana Waldrip steals 2nd base
2-2: Strikes out swinging
Batting: LHB Ángel Pineda 0-0: Foul Ball, location: 2F
0-1: Ground out 5-3 (Groundball, 5)
Top of the 3rd over - 0 runs, 0 hits, 0 errors, 1 left on base; Chesapeake 5 - Salem 2
BOTTOM OF THE 3RD
Salem Misfits batting - Pitching for Chesapeake Continentals : RHP Fabian Thul
Batting: LHB José Cuervo 0-0: Called Strike
0-1: Ball
1-1: Swinging Strike
1-2: Ball
2-2: Ball
3-2: Foul Ball, location: 2F
3-2: Base on Balls
Batting: RHB Robinson Barquero 0-0: Called Strike
0-1: Called Strike
0-2: Ball
1-2: Strikes out looking
Batting: LHB Austin Hathaway 0-0: Ball
1-0: Called Strike
José Cuervo steals 2nd base
1-1: Ball
2-1: Ball
3-1: Fly out, F2 (Popup, 2LF)
Batting: LHB Cris Gonzáles 0-0: Called Strike
0-1: Swinging Strike
0-2: Foul Ball, location: 2F
0-2: Ball
1-2: Strikes out swinging
Bottom of the 3rd over - 0 runs, 0 hits, 0 errors, 1 left on base; Chesapeake 5 - Salem 2
TOP OF THE 4TH
Chesapeake Continentals batting - Pitching for Salem Misfits : LHP León Vallejo
Batting: RHB Tommy Socorro 0-0: Ball
1-0: Ball
2-0: Swinging Strike
2-1: Ball
3-1: Base on Balls
Batting: RHB Alberto Esquivel 0-0: Ball
1-0: Ball
2-0: Called Strike
2-1: Ball
3-1: DOUBLE (Line Drive, 89D)
Tommy Socorro to third
Batting: RHB Marcos Alfaro 0-0: Ball
1-0: Called Strike
1-1: Ball
2-1: Called Strike
2-2: TRIPLE (Flyball, 89XD)
Tommy Socorro scores
Alberto Esquivel scores
Pitching: RHP José Morales
Pinch Runner at 3rd José Palácios:
Batting: RHB Juan Chávez 0-0: Ball
1-0: Ball
2-0: Swinging Strike
2-1: Ball
3-1: Base on Balls
Batting: RHB Zahid Kashani 0-0: Ball
1-0: Ball
2-0: Ball
3-0: Called Strike
3-1: Ground out 5-3 (Groundball, 56S)
José Palácios scores
Juan Chávez to second
Batting: LHB Dana Waldrip 0-0: Ball
1-0: Called Strike
1-1: Ball
2-1: Ball
3-1: Fly out, F9 (Flyball, 89M)
Batting: RHB Jouo Hirschovits 0-0: Ball
1-0: Ground out 5-3 (Groundball, 25)
Top of the 4th over - 3 runs, 2 hits, 0 errors, 1 left on base; Chesapeake 8 - Salem 2
BOTTOM OF THE 4TH
Salem Misfits batting - Pitching for Chesapeake Continentals : RHP Fabian Thul
Now at SS: José Palácios
Batting: LHB Rodrigo Gómez 0-0: Called Strike
0-1: Ball
1-1: Fly out, F7 (Flyball, 7LSF)
Batting: RHB Vicente Andros 0-0: Ball
1-0: Swinging Strike
1-1: Foul Ball, location: 2F
1-2: Ball
2-2: Strikes out swinging
Batting: RHB Jason Ward 0-0: Ball
1-0: Ball
2-0: Called Strike
2-1: Ground out 1-3 (Groundball, P)
Bottom of the 4th over - 0 runs, 0 hits, 0 errors, 0 left on base; Chesapeake 8 - Salem 2
TOP OF THE 5TH
Chesapeake Continentals batting - Pitching for Salem Misfits : RHP José Morales
Batting: RHB Dave Yates 0-0: Ball
1-0: Ball
2-0: Called Strike
2-1: Foul Ball, location: 2F
2-2: Foul Ball, location: 2F
2-2: Ball
3-2: Base on Balls
Batting: LHB Ángel Pineda 0-0: SINGLE (Groundball, 4M) (infield hit)
Dave Yates to second
Batting: RHB Tommy Socorro 0-0: Ball
1-0: Called Strike
1-1: Swinging Strike
1-2: 3-RUN HOME RUN (Flyball, 7D), Distance : 392 ft
Batting: RHB Alberto Esquivel 0-0: Swinging Strike
0-1: Ball
1-1: Ball
2-1: SINGLE (Flyball, 9S)
Batting: RHB José Palácios 0-0: Called Strike
0-1: Foul Ball, location: 2F
0-2: Fly out, F6 (Line Drive, 6M)
Batting: RHB Juan Chávez 0-0: Swinging Strike
0-1: Ball
1-1: Ball
2-1: Ball
3-1: Called Strike
3-2: Foul Ball, location: 2F
3-2: DOUBLE (Flyball, 8LXD)
Alberto Esquivel to third
Alberto Esquivel scores
Batting: RHB Zahid Kashani 0-0: Called Strike
0-1: Fly out, F8 (Flyball, 78D)
Batting: LHB Dana Waldrip 0-0: Swinging Strike
0-1: Foul Ball, location: 2F
0-2: Ball
1-2: Foul Ball, location: 2F
1-2: SINGLE (Line Drive, 89S)
Juan Chávez to third
Runner from 3rd tries for Home, SAFE, throw made home
Dana Waldrip to second
Batting: RHB Jouo Hirschovits 0-0: Ball
1-0: Ball
2-0: Ball
3-0: Called Strike
3-1: Base on Balls
Batting: RHB Dave Yates 0-0: Ground out 1-3 (Groundball, 13S)
Top of the 5th over - 5 runs, 5 hits, 0 errors, 2 left on base; Chesapeake 13 - Salem 2
BOTTOM OF THE 5TH
Salem Misfits batting - Pitching for Chesapeake Continentals : RHP Fabian Thul
Batting: LHB Tyler Knopp 0-0: Called Strike
0-1: Swinging Strike
0-2: Ball
1-2: Ground out 4-3 (Groundball, 4M)
Batting: RHB Paul O'Neill 0-0: Foul Ball, location: 2F
0-1: Ball
1-1: Ball
2-1: Ground out 4-3 (Groundball, 4)
Batting: LHB José Cuervo 0-0: Foul Ball, location: 2F
0-1: Ball
1-1: Ball
2-1: Foul Ball, location: 2F
2-2: DOUBLE (Groundball, 3L)
Batting: RHB Robinson Barquero 0-0: Ground out 6-3 (Groundball, 6)
Bottom of the 5th over - 0 runs, 1 hit, 0 errors, 1 left on base; Chesapeake 13 - Salem 2
TOP OF THE 6TH
Chesapeake Continentals batting - Pitching for Salem Misfits : RHP José Morales
Batting: LHB Ángel Pineda 0-0: Called Strike
0-1: Ball
1-1: Ball
2-1: Ground out 4-3 (Groundball, 34)
Batting: RHB Tommy Socorro 0-0: Fly out, F8 (Line Drive, 8RD)
Batting: RHB Alberto Esquivel 0-0: Ball
1-0: Called Strike
1-1: Swinging Strike
1-2: Fly out, F6 (Line Drive, 6M)
Top of the 6th over - 0 runs, 0 hits, 0 errors, 0 left on base; Chesapeake 13 - Salem 2
BOTTOM OF THE 6TH
Salem Misfits batting - Pitching for Chesapeake Continentals : RHP Fabian Thul
Batting: LHB Austin Hathaway 0-0: Ball
1-0: Foul Ball, location: 2F
1-1: Swinging Strike
1-2: Foul Ball, location: 2F
1-2: Strikes out swinging
Batting: LHB Cris Gonzáles 0-0: Ball
1-0: Ball
2-0: Ball
3-0: Base on Balls
Batting: LHB Rodrigo Gómez 0-0: Called Strike
0-1: Ball
1-1: Ball
2-1: Fly out, F9 (Flyball, 9)
Batting: RHB Vicente Andros 0-0: Called Strike
0-1: Ball
1-1: Swinging Strike
1-2: Foul Ball, location: 2F
1-2: Foul Ball, location: 2F
1-2: Ground out 5-3 (Groundball, 5)
Bottom of the 6th over - 0 runs, 0 hits, 0 errors, 1 left on base; Chesapeake 13 - Salem 2
TOP OF THE 7TH
Chesapeake Continentals batting - Pitching for Salem Misfits : RHP José Morales
Batting: RHB José Palácios 0-0: Ball
1-0: SINGLE (Flyball, 7LS)
Pitching: LHP Rob Murphy
Batting: RHB Juan Chávez 0-0: Ball
1-0: Ball
2-0: Ball
3-0: Base on Balls
José Palácios to second
Batting: RHB Zahid Kashani 0-0: Called Strike
0-1: Ball
1-1: DOUBLE (Flyball, 89D)
José Palácios scores
Juan Chávez to third
Batting: LHB Dana Waldrip 0-0: Ball
1-0: Ball
2-0: Swinging Strike
2-1: Ball
3-1: Base on Balls
Batting: RHB Jouo Hirschovits 0-0: Called Strike
0-1: Foul Ball, location: 2F
0-2: Ball
1-2: Foul Ball, location: 2F
1-2: Strikes out looking
Batting: RHB Dave Yates 0-0: Ball
1-0: Ball
2-0: Foul Ball, location: 2F
2-1: Ball
3-1: Foul Ball, location: 2F
3-2: Strikes out swinging
Batting: LHB Ángel Pineda 0-0: Called Strike
0-1: Ball
1-1: Swinging Strike
1-2: Foul Ball, location: 2F
1-2: Ball
2-2: Ball
3-2: Strikes out looking
Top of the 7th over - 1 run, 2 hits, 0 errors, 3 left on base; Chesapeake 14 - Salem 2
BOTTOM OF THE 7TH
Salem Misfits batting - Pitching for Chesapeake Continentals : RHP Fabian Thul
Batting: RHB Jason Ward 0-0: Called Strike
0-1: SINGLE (Line Drive, 4MD)
Batting: LHB Tyler Knopp 0-0: Ball
Jason Ward steals 2nd base
1-0: Swinging Strike
1-1: Foul Ball, location: 2F
1-2: Foul Ball, location: 2F
1-2: Ground out 6-3 (Groundball, 6)
Jason Ward to third
Batting: RHB Paul O'Neill 0-0: Fly out, F9 (Line Drive, 89M)
Runner from 3rd tags up, SCORES, throw made
Batting: LHB José Cuervo 0-0: Ball
1-0: Swinging Strike
1-1: SINGLE (Groundball, 34D)
Pitching: RHP Ed Cartmell
Batting: RHB Robinson Barquero 0-0: Called Strike
0-1: Ball
1-1: Swinging Strike
1-2: Fly out, F4 (Popup, 4M)
Bottom of the 7th over - 1 run, 2 hits, 0 errors, 1 left on base; Chesapeake 14 - Salem 3
TOP OF THE 8TH
Chesapeake Continentals batting - Pitching for Salem Misfits : LHP Rob Murphy
Batting: RHB Tommy Socorro 0-0: Swinging Strike
0-1: Called Strike
0-2: Ball
1-2: Strikes out swinging
Batting: RHB Alberto Esquivel 0-0: Foul Ball, location: 2F
0-1: Ball
1-1: Ball
2-1: Ground out 5-3 (Groundball, 56S)
Batting: RHB José Palácios 0-0: SINGLE (Groundball, 25) (infield hit)
Batting: RHB Juan Chávez 0-0: Swinging Strike
0-1: Called Strike
0-2: Strikes out swinging
Top of the 8th over - 0 runs, 1 hit, 0 errors, 1 left on base; Chesapeake 14 - Salem 3
BOTTOM OF THE 8TH
Salem Misfits batting - Pitching for Chesapeake Continentals : RHP Ed Cartmell
Batting: LHB Austin Hathaway 0-0: SINGLE (Groundball, 6D)
Batting: LHB Cris Gonzáles 0-0: Ball
1-0: Swinging Strike
1-1: Foul Ball, location: 2F
1-2: Foul Ball, location: 2F
1-2: Ball
2-2: Foul Ball, location: 2F
2-2: Ball
3-2: Base on Balls
Austin Hathaway to second
Batting: LHB Rodrigo Gómez 0-0: Ball
1-0: Ball
2-0: Called Strike
2-1: Fly out, F9 (Flyball, 9LD)
Batting: RHB Vicente Andros 0-0: SINGLE (Line Drive, 6)
Austin Hathaway to third
Cris Gonzáles to second
Batting: RHB Jason Ward 0-0: Grounds into double play, 4-6-3 (Groundball, 4)
Bottom of the 8th over - 0 runs, 2 hits, 0 errors, 2 left on base; Chesapeake 14 - Salem 3
TOP OF THE 9TH
Chesapeake Continentals batting - Pitching for Salem Misfits : LHP Rob Murphy
Batting: RHB Zahid Kashani 0-0: Swinging Strike
0-1: Ground out 6-3 (Groundball, 6MS)
Batting: LHB Dana Waldrip 0-0: SOLO HOME RUN (Flyball, 9LD), Distance : 355 ft
Batting: RHB Jouo Hirschovits 0-0: Foul Ball, location: 2F
0-1: Swinging Strike
0-2: Ground out 6-3 (Groundball, 6)
Batting: RHB Dave Yates 0-0: Ball
1-0: Ball
2-0: Called Strike
2-1: Ball
3-1: Base on Balls
Batting: LHB Ángel Pineda 0-0: SINGLE (Groundball, 5S) (infield hit)
Dave Yates to second
Batting: RHB Tommy Socorro 0-0: TRIPLE (Flyball, 78XD)
Dave Yates scores
Ángel Pineda scores
Batting: RHB Alberto Esquivel 0-0: Called Strike
0-1: Ball
1-1: Swinging Strike
1-2: Ball
2-2: Ball
3-2: Foul Ball, location: 2F
3-2: Foul Ball, location: 2F
3-2: Ground out 6-3 (Groundball, 56)
Top of the 9th over - 3 runs, 3 hits, 0 errors, 1 left on base; Chesapeake 17 - Salem 3
BOTTOM OF THE 9TH
Salem Misfits batting - Pitching for Chesapeake Continentals : RHP Ed Cartmell
Batting: LHB Tyler Knopp 0-0: Ball
1-0: Foul Ball, location: 2F
1-1: Ball
2-1: Ground out 5-3 (Groundball, 56)
Batting: RHB Paul O'Neill 0-0: Fly out, F9 (Line Drive, 9D)
Batting: LHB José Cuervo 0-0: Ball
1-0: Ball
2-0: Called Strike
2-1: Ball
3-1: Ground out 4-3 (Groundball, 4MS)
Bottom of the 9th over - 0 runs, 0 hits, 0 errors, 0 left on base; Chesapeake 17 - Salem 3
Tuesday, December 19th, 2017 - OOTP Baseball 18.8 Build 76